 Dungeon Crawl Stone Soup version 0.28.0-45-g0d030f2227 (webtiles) character file.

Game seed: 8557274157394822478

1572 brightshaft the Grappler (level 8, -10/79 HPs)
             Began as a Troll Monk on Apr 17, 2022.
             Mangled by Duvessa
             ... wielding a +0 rapier
              (21 damage)
             ... on level 6 of the Dungeon.
             The game lasted 00:07:41 (4286 turns).

brightshaft the Grappler (Troll Monk)               Turns: 4286, Time: 00:07:42

Health: -10/79     AC:  6    Str: 22    XL:     8   Next: 59%
Magic:  7/7        EV: 11    Int:  6    God:
Gold:   298        SH:  0    Dex: 12    Spells: 7/7 levels left

rFire   . . .      SeeInvis .     - Unarmed
rCold   . . .      Faith    .   (no shield)
rNeg    . . .      Spirit   .   a - +1 robe
rPois   .          Reflect  .   (helmet restricted)
rElec   .          Harm     .   x - +0 cloak
rCorr   +          Rampage  .   (gloves unavailable)
Will    .....                   (boots unavailable)
Stlth   +.........              (no amulet)
HPRegen 1.03/turn               c - ring of resist corrosion
MPRegen 0.10/turn               (no ring)

@: lit by a corona, glowing
A: large, unfitting armour, claws 3, regeneration 1, shaggy fur 1, tough skin 1
a: no special abilities


You were on level 6 of the Dungeon.
You visited 1 branch of the dungeon, and saw 6 of its levels.
You also visited: Sewer.

You collected 298 gold pieces.

Inventory:

Missiles
 n - 3 boomerangs
 r - 4 javelins (quivered)
Armour
 a - a +1 robe (worn)
 x - a +0 cloak (worn)
Jewellery
 c - a ring of resist corrosion (left claw)
 k - a ring of wizardry
Wands
 p - a wand of paralysis (6)
Scrolls
 e - a scroll of teleportation {@r4}
 g - a scroll of vulnerability
 i - 4 scrolls of fear
 l - 2 scrolls of brand weapon
 m - a scroll of immolation {unknown}
 o - a scroll of identify {@r1}
 u - 2 scrolls of fog
Potions
 b - 2 potions of curing {@q1}
 d - 4 potions of attraction
 f - 3 potions of resistance {unknown}
 h - 2 potions of flight {unknown}
 j - 3 potions of might
 q - a potion of lignification {unknown}
 s - a potion of magic {unknown}
 t - a potion of invisibility {unknown}
 v - a potion of degeneration {unknown}
 w - a potion of cancellation {unknown}
 z - 2 potions of brilliance {unknown}
 A - a potion of heal wounds {unknown}


   Skills:
 + Level 4.3 Fighting
 + Level 4.3 Dodging
 - Level 1.0 Stealth
 * Level 9.4 Unarmed Combat


You had 7 spell levels left.
You didn't know any spells.
Your spell library contained the following spells:

 Spells                   Type           Power      Damage    Failure   Level
 Freeze                   Ice            0%         1d3       45%         1
 Magic Dart               Conj           0%         1d3       45%         1
 Scorch                   Fire           0%         2d5       58%         2
 Searing Ray              Conj           0%         2d4       58%         2
 Frozen Ramparts          Ice            0%         1d2       83%         3
 Flame Wave               Conj/Fire      0%         2d4       99%         4
 Fulminant Prism          Conj/Hex       0%         3d6       99%         4
 Hailstorm                Conj/Ice       0%         3d3       99%         4
 Fireball                 Conj/Fire      0%         3d3       100%        5
 Starburst                Conj/Fire      0%         6d3       100%        6
 Summon Cactus Giant      Summ           0%         N/A       100%        6
 Ignition                 Fire           0%         3d3       100%        8


Dungeon Overview and Level Annotations

Branches:
Dungeon (6/15)              Sewer (visited)
 Temple: D:4-7

Altars:
Ashenzari
Fedhas
Zin
The Shining One

Shops:
D:3 :   D:6 :

Annotations:
D:6 Duvessa


Innate Abilities, Weirdness & Mutations

You are too large for most types of armour.
You have claws for hands.
Your natural rate of healing is unusually fast.
You are covered in fur. (AC +1)
You have tough skin. (AC +1)


Message History

Duvessa is moderately wounded.
Duvessa hits you with a +0 rapier!
You claw Duvessa! Your claw misses Duvessa.
Duvessa is heavily wounded.
Duvessa misses you.
You closely miss Duvessa.
Duvessa is heavily wounded.
Duvessa hits you with a +0 rapier!!
You scratch Duvessa but do no damage.
Duvessa is heavily wounded.
Duvessa hits you with a +0 rapier.
* * * LOW HITPOINT WARNING * * *
Duvessa closely misses you.
Throw: 5 javelins
Press: ? - help, Q - select action, (/) - cycle Shift-Dir - straight line, f - Duvessa
Aim: Duvessa, wielding a +0 rapier and wearing a +0 leather armour (heavily wounded, berserk, 63% to hit)
You throw a javelin. The javelin pierces through Duvessa.
Duvessa is heavily wounded.
Duvessa barely misses you. x2
You scratch Duvessa.
Duvessa is severely wounded.
Duvessa hits you with a +0 rapier!
* * * LOW HITPOINT WARNING * * *
Duvessa hits you with a +0 rapier!
* * * LOW HITPOINT WARNING * * *
You feel better. Duvessa closely misses you.
You scratch Duvessa.
Duvessa is severely wounded.
Duvessa hits you with a +0 rapier.
* * * LOW HITPOINT WARNING * * *
You scratch Duvessa.
Duvessa is severely wounded.
Duvessa barely misses you. Duvessa closely misses you.
You barely miss Duvessa.
Duvessa is severely wounded.
Duvessa barely misses you.
You claw Duvessa!
Duvessa is almost dead.
Duvessa hits you with a +0 rapier!!
You die...

#>.≈≈.≈≈...)...# #.#
#.≈≈≈.≈≈≈.###..# #.#
#.≈≈⌠.⌠≈≈......# #..
#....∩.)..####.# #..
#.≈≈⌠.†≈≈......#######
#..
#.≈≈≈.≈≈≈..###........
#.. #..≈≈.≈≈...#
#.##########..
#....#####.#
#............. #....#
###@#############...
#....# #..e....# ####
#....# #.).[..<#
#....# #.......#
#.#### #.......# #.#
#.......# ##.##
#.......# #...##
#.......# #....#
#..(....#


You could see Duvessa (berserk).

Vanquished Creatures
  Sigmund (D:6)
  A black bear (D:6)
  4 ogres
  3 bullfrogs
  2 scorpions
  2 water moccasin zombies
  Dowan (D:6)
  A water moccasin skeleton (D:5)
  A centaur zombie (D:6)
  A centaur skeleton (D:2)
  Crazy Yiuf (D:6)
  An orc priest (D:6)
  2 jellies
  Ijyb (D:3)
  An orc wizard (D:6)
  A howler monkey skeleton (D:6)
  8 adders
  4 river rats (Sewer)
  An ufetubus (D:5)
  An adder skeleton (D:4)
  A dart slug (D:4)
  A worm (D:4)
  15 orcs
  9 endoplasms
  5 giant cockroaches
  5 goblins
  4 hobgoblins
  5 jackals
  A quokka (D:1)
  28 ball pythons
  5 bats
  3 frilled lizards
  7 kobolds
  25 rats
152 creatures vanquished.

Notes
Turn   | Place    | Note
-------+----------+-------------------------------------------
     0 | D:1      | brightshaft the Troll Monk began the quest for the Orb.
     0 | D:1      | Reached XP level 1. HP: 22/22 MP: 0/0
    36 | D:1      | Found a faded altar of an unknown god.
   274 | D:1      | Reached XP level 2. HP: 29/29 MP: 1/1
   749 | D:2      | Reached skill level 4 in Unarmed Combat
   806 | D:2      | Found a glowing golden altar of the Shining One.
   897 | D:2      | Reached XP level 3. HP: 35/36 MP: 2/2
  1022 | D:2      | Reached XP level 4. HP: 44/44 MP: 3/3
  1026 | D:2      | Reached skill level 5 in Unarmed Combat
  1191 | D:3      | Found Felyong's Book Shop.
  1211 | D:3      | Identified the +9 long sword of Irritation {pain, rN+
                  | Str+3}
  1489 | D:3      | Found a broken altar of Ashenzari.
  1531 | D:3      | Noticed a bullfrog
  1538 | D:3      | Killed a bullfrog
  1539 | D:3      | Reached XP level 5. HP: 37/50 MP: 4/4
  1542 | D:3      | Reached skill level 6 in Unarmed Combat
  1898 | D:3      | Noticed Ijyb
  1907 | D:3      | Killed Ijyb
  2130 | D:4      | Noticed an ogre
  2155 | D:3      | Killed an ogre
  2156 | D:3      | Reached skill level 7 in Unarmed Combat
  2156 | D:3      | Reached XP level 6. HP: 59/59 MP: 5/5
  2284 | D:4      | Found a blossoming altar of Fedhas.
  2510 | D:4      | Found a glowing drain.
  2532 | Sewer    | Entered a sewer
  2784 | Sewer    | Reached XP level 7. HP: 55/66 MP: 6/6
  3108 | D:5      | Entered Level 5 of the Dungeon
  3151 | D:5      | Found a glowing silver altar of Zin.
  3213 | D:5      | Reached skill level 8 in Unarmed Combat
  3912 | D:6      | Reached XP level 8. HP: 69/78 MP: 7/7
  4150 | D:6      | Found Ufaeg's Self-Improvement Boutique.
  4153 | D:6      | Reached skill level 9 in Unarmed Combat
  4154 | D:6      | Noticed Sigmund
  4161 | D:6      | Killed Sigmund
  4186 | D:6      | Found a runed translucent door.
  4186 | D:6      | Identified the +3 mace of False Accusations {vamp, rPois
                  | rC+}
  4187 | D:6      | Noticed Crazy Yiuf
  4192 | D:6      | Killed Crazy Yiuf
  4267 | D:6      | Noticed Dowan
  4268 | D:6      | Noticed Duvessa
  4273 | D:6      | Killed Dowan
  4281 | D:6      | HP: 2/79 [Duvessa/+0 rapier (12)]
  4286 | D:6      | Mangled by Duvessa

Illustrated notes

Levels and vault maps discovered:
D:1:      saegor_arrival_simple_a, layout_loops_ring, basic_ecumenical_altar,
          grunt_decor_one_mirror, minmay_misc_feat_tower
D:2:      layout_rooms, basic_altar
D:3:      layout_basic, nicolae_ashenzari_panopticon, serial_shops,
          nicolae_shop_hallway_stairs, minmay_liquid_box, uniq_ijyb
D:4:      layout_rooms, lemuel_doored_altar, cheibrodos_sewer_entry_drain,
          minmay_statues_item, kennysheep_cross_room
D:5:      layout_basic, lemuel_coloured_pillars_altar
D:6:      layout_basic, minivault_5, nicolae_shop_self_help, uniq_sigmund,
          uniq_crazy_yiuf_cottage, uniq_duvessa

Skill      XL: |  1  2  3  4  5  6  7  8 |
---------------+-------------------------+-----
Unarmed Combat | 4 5 7 8 9 |  9.4
Fighting       | 3 4 |  4.3
Dodging        | 3 4 |  4.3
Stealth        | |  1.0

Action                   |  1- 3 |  4- 6 |  7- 9 || total
-------------------------+-------+-------+-------++-------
Melee: Unarmed           |    63 |   205 |   101 ||   369
       Punch             |     1 |     3 |     5 ||     9
Throw: Boomerang         |       |     3 |       ||     3
       Javelin           |       |       |     1 ||     1
  Use: Scroll            |       |       |    13 ||    13
       Potion            |       |       |     1 ||     1
 Stab: Sleeping          |     1 |     3 |       ||     4
       Distracted        |       |     1 |       ||     1
Armor: Robe              |    27 |    55 |    44 ||   126
Dodge: Dodged            |    37 |   138 |    58 ||   233
